 Dungeon Crawl Stone Soup version 0.29.1-15-g9cfb28693d (webtiles) character file.

Game seed: 14908014535903802090

560 MacCMillion the Arsonist (level 7, 0/29 (36) HPs)
             Began as a Deep Elf Fire Elementalist on Apr 2, 2023.
             Slain by a fire bat (3 damage)
             ... on level 4 of the Dungeon.
             The game lasted 00:10:28 (6463 turns).

MacCMillion the Arsonist (DEFE)                     Turns: 6463, Time: 00:10:28

HP:   0/29 (36)     AC:  2    Str: 11    XL:     7   Next: 9%
MP:   10/13         EV: 12    Int: 22    God:
Gold: 234           SH:  0    Dex: 15    Spells: 5/12 levels left

rFire   . . .      SeeInvis .   o - +0 dagger
rCold   . . .      Faith    .   (no shield)
rNeg    . . .      Spirit   .   a - +0 robe
rPois   +          Reflect  .   (no helmet)
rElec   .          Harm     .   (no cloak)
rCorr   .          Rampage  .   (no gloves)
Will    .....                   (no boots)
Stlth   ++........              (no amulet)
HPRegen 0.09/turn               l - +6 ring of strength
MPRegen 0.13/turn               n - ring of poison resistance

@: heavily drained
A: no striking features
a: no special abilities


You were on level 4 of the Dungeon.
You visited 1 branch of the dungeon, and saw 4 of its levels.

You collected 234 gold pieces.

Inventory:

Hand Weapons
 o - a +0 dagger (weapon)
Armour
 a - a +0 robe (worn)
Magical Staves
 r - a staff of poison
Jewellery
 l - a +6 ring of strength (left hand)
 n - a ring of poison resistance (right hand)
Wands
 s - a wand of light (9)
Scrolls
 c - 5 scrolls of teleportation {unknown}
 d - 2 scrolls of enchant weapon {unknown}
 f - 2 scrolls of noise {unknown}
 g - 3 scrolls of butterflies {unknown}
 h - 5 scrolls of identify {unknown}
 m - a scroll of immolation {unknown}
 q - 2 scrolls of blinking {unknown}
Potions
 b - a potion of magic
 e - a potion of degeneration {unknown}
 i - a potion of haste {unknown}
 j - a potion of heal wounds {unknown}
 k - 2 potions of lignification {unknown}
 p - a potion of curing {unknown}
 t - a potion of attraction {unknown}


   Skills:
 - Level 2.5 Dodging
 - Level 2.5 Stealth
 - Level 3.0 Spellcasting
 - Level 1.2 Conjurations
 + Level 8.9 Fire Magic


You had 5 spell levels left.
You knew the following spells:

 Your Spells              Type           Power      Damage    Failure   Level
a - Foxfire               Conj/Fire      100%       2x1d9     1%          1
b - Scorch                Fire           84%        2d9       1%          2
c - Flame Wave            Conj/Fire      25%        2d8       16%         4

Your spell library contained the following spells:

 Spells                   Type           Power      Damage    Failure   Level
 Conjure Flame            Conj/Fire      25%        6-21      4%          3
 Inner Flame              Hex/Fire       23%        N/A       6%          3
 Static Discharge         Conj/Air       6%         3-4/arc   14%         2
 Sticky Flame             Conj/Fire      25%        2d5       16%         4
 Dispel Undead            Necr           3%         3d7       77%         4


Dungeon Overview and Level Annotations

Branches:
Dungeon (4/15)
 Temple: D:4-7

Altars:
Fedhas

Shops:
D:1 =   D:4 *


Message History

You conjure some foxfire!
The foxfire hits the fire bat.
The fire bat completely resists.
The foxfire hits the fire bat.
The fire bat completely resists.
The foxfire hits the fire bat.
The fire bat completely resists.
The foxfire hits the fire bat.
The fire bat completely resists.
The fire bat bites you.
You are engulfed in flames.
Casting: Foxfire (safe; 1% risk of failure)
Confirm with . or Enter, or press ? or * to list all spells.
Flames lash the fire bat.
The fire bat completely resists.
The fire bat closely misses you. The fire bat bites you.
You are engulfed in flames.
You hit the fire bat.
The fire bat is severely wounded.
The fire bat barely misses you. x2
The fire bat bites you but does no damage.
You barely miss the fire bat.
The fire bat is moderately wounded.
The fire bat bites you but does no damage. x2
The fire bat bites you.
You are engulfed in flames.
The fire bat bites you.
You are engulfed in flames.
You are too injured to fight recklessly!
You are too injured to fight recklessly!
You are too injured to fight recklessly!
Unknown command.
You are too injured to fight recklessly!
You are too injured to fight recklessly!
You are too injured to fight recklessly!
You closely miss the fire bat.
The fire bat is moderately wounded.
The fire bat closely misses you. The fire bat bites you.
You are engulfed in flames.
The fire bat bites you.
* * * LOW HITPOINT WARNING * * *
You are engulfed in flames.
* * * LOW HITPOINT WARNING * * *
The fire bat bites you.
* * * LOW HITPOINT WARNING * * *
You are engulfed in flames.
* * * LOW HITPOINT WARNING * * *
The fire bat bites you.
You die...

######b.. #
..# # ..# #
#.## # #.###
# ##...## #
# #÷.#..## #
#.
##.##..b## #
#.
#.####.b@# #
#.##.# #...#
# #...##
##.## #
##÷..# ##. #
#..##.# .#
##########.#
##
.....####.##
####......#
########


You could see 2 fire bats.

Vanquished Creatures
  A black bear (D:3)
  An ogre (D:4)
  A vampire bat (D:4)
  A hound (D:4)
  A gnoll bouda (D:3)
  Ijyb (D:3)
  8 gnolls
  6 adders
  A dart slug (D:4)
  A fire bat (D:4)
  An orc (D:4)
  2 spectral bats (D:4)
  13 bats
  3 bat skeletons (D:4)
  A bat zombie (D:4)
  4 endoplasms
  7 giant cockroaches
  2 goblins
  A hobgoblin (D:1)
  10 kobolds
  3 quokkas (D:1)
  6 ball pythons
  A bat simulacrum (D:4)
  8 frilled lizards
  6 rats
90 creatures vanquished.

Vanquished Creatures (others)
  282 foxfires
282 creatures vanquished.

Grand Total: 372 creatures vanquished

Notes
Turn   | Place    | Note
-------+----------+-------------------------------------------
     0 | D:1      | MacCMillion the Deep Elf Fire Elementalist began the quest
                  | for the Orb.
     0 | D:1      | Reached XP level 1. HP: 10/10 MP: 6/6
   394 | D:1      | Reached XP level 2. HP: 13/15 MP: 0/8
   666 | D:1      | Found Miryirph's One-of-a-Kind Rings.
   696 | D:1      | Reached skill level 4 in Fire Magic
   784 | D:1      | Found a faded altar of an unknown god.
  1103 | D:2      | Reached XP level 3. HP: 19/19 MP: 3/9
  2297 | D:2      | Reached skill level 5 in Fire Magic
  2461 | D:2      | Learned a level 2 spell: Scorch
  2714 | D:2      | Reached XP level 4. HP: 24/24 MP: 7/10
  2870 | D:3      | HP: 1/24 [gnoll/+0 halberd[a gnoll bouda] (8)]
  3204 | D:3      | Noticed Ijyb
  3211 | D:3      | Killed Ijyb
  3418 | D:3      | Reached skill level 6 in Fire Magic
  3418 | D:3      | Reached XP level 5. HP: 28/28 MP: 1/11
  4314 | D:3      | Noticed a black bear
  4664 | D:3      | Killed a black bear
  4665 | D:3      | Reached skill level 7 in Fire Magic
  4665 | D:3      | Reached XP level 6. HP: 32/32 MP: 6/12
  5113 | D:4      | Learned a level 4 spell: Flame Wave
  5198 | D:4      | Reached skill level 8 in Fire Magic
  5296 | D:4      | Found a blossoming altar of Fedhas.
  5450 | D:4      | Found Irythrema's General Store.
  6140 | D:4      | Reached XP level 7. HP: 34/36 MP: 6/13
  6463 | D:4      | Slain by a fire bat

Illustrated notes

Levels and vault maps discovered:
D:1:      amcnicky_arrival_feature_with_door, layout_basic,
          ebering_ecumenical_altar_hall, hangedman_glass_teeth, st_stairs_7,
          nicolae_shop_unique_rings, minmay_misc_feat_plants,
          roderic_roman_lattice
D:2:      layout_basic, chequers_serial_rivers_micro_a, minmay_lizard_pond
D:3:      layout_loops_ring, uniq_ijyb
D:4:      layout_rooms, serial_shops, shop, kennysheep_diamond, goddamned_bats

Skill      XL: |  1  2  3  4  5  6 |
---------------+-------------------+-----
Fire Magic     | 4 5 6 7 8 |  8.9
Dodging        | |  2.5
Stealth        | |  2.5
Spellcasting   | |  3.0
Conjurations   | |  1.2

Action                   |  1- 3 |  4- 6 |  7- 9 || total
-------------------------+-------+-------+-------++-------
Melee: Dagger            |       |       |    31 ||    31
 Cast: Foxfire           |    69 |    99 |     2 ||   170
       Scorch            |       |    27 |     6 ||    33
Armor: Robe              |     3 |    17 |    25 ||    45
Dodge: Dodged            |     9 |    35 |    77 ||   121
